SNL (28 & UNDER)
BLACKIRON DRAGONS @ SANTA FE DIABLOS
08/22/2028
 
TOP OF THE 1ST
BlackIron Dragons batting - Pitching for Santa Fe Diablos : RHP Christian Camden
Pitching: RHP Christian Camden
Batting: SHB Júlio Macías 0-0: Foul Ball, location: 2F
0-1: Ground out 4-3 (Groundball, 4)
Batting: LHB Miguel García 0-0: Called Strike
0-1: Foul Ball, location: 2F
0-2: Strikes out swinging
Batting: RHB Vernon Sterling 0-0: SINGLE (Groundball, 6MD)
Batting: LHB Milo Glenn 0-0: Foul Ball, location: 2F
0-1: Foul Ball, location: 2F
0-2: Foul Ball, location: 2F
0-2: Ball
1-2: Strikes out swinging
Top of the 1st over - 0 run(s), 1 hit(s), 0 error(s), 1 left on base; BlackIron 0 - Santa Fe 0
BOTTOM OF THE 1ST
Santa Fe Diablos batting - Pitching for BlackIron Dragons : RHP Larry Johnston
Pitching: RHP Larry Johnston
Batting: RHB Frank Martínez 0-0: Called Strike
0-1: Ball
1-1: Ball
2-1: Foul Ball, location: 2F
2-2: Fly out, F9 (Flyball, 9LS)
Batting: SHB Ángel Díaz 0-0: Called Strike
0-1: Ball
1-1: Ball
2-1: Ball
3-1: Called Strike
3-2: Base on Balls
Batting: RHB John Dinkins 0-0: Foul Ball, location: 2F
0-1: Ball
1-1: 2-RUN HOME RUN (Flyball, 7D), Distance : 346 ft
Batting: LHB John Bond 0-0: Ball
1-0: Foul Ball, location: 2F
1-1: Ball
2-1: Called Strike
2-2: Ball
3-2: Ground out U3 (Groundball, 34S)
Batting: RHB Mike Martin 0-0: SINGLE (Line Drive, 56D)
Batting: LHB Arturo Rodledo 0-0: Ball
1-0: Called Strike
1-1: Ball
2-1: Ball
3-1: Called Strike
Mike Martin steals 2nd base
3-2: Foul Ball, location: 2F
3-2: Fly out, F7 (Flyball, 7D)
Bottom of the 1st over - 2 run(s), 2 hit(s), 0 error(s), 1 left on base; BlackIron 0 - Santa Fe 2
TOP OF THE 2ND
BlackIron Dragons batting - Pitching for Santa Fe Diablos : RHP Christian Camden
Batting: LHB Manuel Cardenas 0-0: Ball
1-0: Fly out, F8 (Flyball, 8RD)
Batting: RHB Alexander Barr 0-0: Ball
1-0: Called Strike
1-1: Ball
2-1: Ball
3-1: Called Strike
3-2: Base on Balls
Batting: LHB Donnie Cunningham 0-0: Swinging Strike
0-1: Swinging Strike
0-2: Ball
1-2: Ball
2-2: Strikes out looking
Batting: RHB Bernardo Corona 0-0: Ball
1-0: Ball
2-0: SINGLE (Line Drive, 34)
Alexander Barr to second
Runner from 2nd tries for 3rd, SAFE, throw made to third
Bernardo Corona to second
Batting: LHB António Romo 0-0: Foul Ball, location: 2F
0-1: SINGLE (Flyball, 89S)
Alexander Barr scores
Bernardo Corona to third
Runner from 3rd tries for Home, SAFE, no throw
Batting: SHB Júlio Macías 0-0: Ball
1-0: SINGLE (Line Drive, 4MD)
António Romo to second
Batting: LHB Miguel García 0-0: Ball
1-0: Swinging Strike
1-1: SINGLE (Groundball, 4MD)
António Romo to third
Júlio Macías to second
Runner from 3rd tries for Home, SAFE, no throw
Batting: RHB Vernon Sterling 0-0: Called Strike
Júlio Macías steals 3rd base
Miguel García to second
0-1: SINGLE (Line Drive, 56)
Júlio Macías scores
Miguel García to third
Runner from 3rd tries for Home, SAFE, no throw
Batting: LHB Milo Glenn 0-0: Called Strike
0-1: Foul Ball, location: 2F
0-2: Foul Ball, location: 2F
0-2: Ball
1-2: Ball
2-2: Fly out, F6 (Line Drive, 6M)
Top of the 2nd over - 5 run(s), 5 hit(s), 0 error(s), 1 left on base; BlackIron 5 - Santa Fe 2
BOTTOM OF THE 2ND
Santa Fe Diablos batting - Pitching for BlackIron Dragons : RHP Larry Johnston
Batting: LHB Juan Torres 0-0: Called Strike
0-1: Swinging Strike
0-2: Ground out 1-3 (Groundball, P)
Batting: LHB Javier Martínez 0-0: Ball
1-0: Swinging Strike
1-1: Called Strike
1-2: Strikes out swinging
Batting: RHB Keith Jones 0-0: Called Strike
0-1: Ball
1-1: Swinging Strike
1-2: Ball
2-2: Strikes out swinging
Bottom of the 2nd over - 0 run(s), 0 hit(s), 0 error(s), 0 left on base; BlackIron 5 - Santa Fe 2
TOP OF THE 3RD
BlackIron Dragons batting - Pitching for Santa Fe Diablos : RHP Christian Camden
Now at SS: Tim Adkins
Batting: LHB Manuel Cardenas 0-0: Ball
1-0: Called Strike
1-1: Ball
2-1: Ground out 1-3 (Groundball, 13)
Batting: RHB Alexander Barr 0-0: Ball
1-0: Fly out, F9 (Flyball, 9LS)
Batting: LHB Donnie Cunningham 0-0: Called Strike
0-1: Ball
1-1: Called Strike
1-2: Foul Ball, location: 2F
1-2: Strikes out looking
Top of the 3rd over - 0 run(s), 0 hit(s), 0 error(s), 0 left on base; BlackIron 5 - Santa Fe 2
BOTTOM OF THE 3RD
Santa Fe Diablos batting - Pitching for BlackIron Dragons : RHP Larry Johnston
Batting: RHB Frank Martínez 0-0: Ball
1-0: Called Strike
1-1: DOUBLE (Line Drive, 78D)
Batting: SHB Ángel Díaz 0-0: Ball
1-0: Foul Ball, location: 2F
1-1: Ball
2-1: Ball
3-1: Base on Balls
Batting: RHB Tim Adkins 0-0: Ball
1-0: Swinging Strike
1-1: Ball
2-1: Foul Ball, location: 2F
2-2: Foul Ball, location: 2F
2-2: Strikes out swinging
Batting: LHB John Bond 0-0: Ball
1-0: Called Strike
1-1: Ball
2-1: Foul Ball, location: 2F
2-2: Fly out, F7 (Flyball, 7S)
Batting: RHB Mike Martin 0-0: Ball
1-0: Swinging Strike
1-1: Called Strike
1-2: Ground out 5-3 (Groundball, 56S)
Bottom of the 3rd over - 0 run(s), 1 hit(s), 0 error(s), 2 left on base; BlackIron 5 - Santa Fe 2
TOP OF THE 4TH
BlackIron Dragons batting - Pitching for Santa Fe Diablos : RHP Christian Camden
Batting: RHB Bernardo Corona 0-0: Ball
1-0: Ground out 4-3 (Groundball, 4)
Batting: LHB António Romo 0-0: Called Strike
0-1: Fly out, F9 (Flyball, 89S)
Batting: SHB Júlio Macías 0-0: Swinging Strike
0-1: Ball
1-1: Reached on error, E3 (Groundball, 34)
Batting: LHB Miguel García 0-0: Called Strike
Júlio Macías steals 2nd base
0-1: Fly out, F8 (Flyball, 8LXD)
Top of the 4th over - 0 run(s), 0 hit(s), 1 error(s), 1 left on base; BlackIron 5 - Santa Fe 2
BOTTOM OF THE 4TH
Santa Fe Diablos batting - Pitching for BlackIron Dragons : RHP Larry Johnston
Batting: LHB Arturo Rodledo 0-0: Called Strike
0-1: Swinging Strike
0-2: Ball
1-2: Fly out, F3 (Line Drive, 34)
Batting: LHB Juan Torres 0-0: Ball
1-0: Ball
2-0: Foul Ball, location: 2F
2-1: Foul Ball, location: 2F
2-2: Strikes out swinging
Batting: LHB Javier Martínez 0-0: Fly out, F8 (Flyball, 8LS)
Bottom of the 4th over - 0 run(s), 0 hit(s), 0 error(s), 0 left on base; BlackIron 5 - Santa Fe 2
TOP OF THE 5TH
BlackIron Dragons batting - Pitching for Santa Fe Diablos : RHP Christian Camden
Batting: RHB Vernon Sterling 0-0: Ball
1-0: Fly out, F4 (Popup, 4)
Batting: LHB Milo Glenn 0-0: Ball
1-0: Ball
2-0: Called Strike
2-1: Fly out, F8 (Line Drive, 8LD)
Batting: LHB Manuel Cardenas 0-0: Called Strike
0-1: Ball
1-1: Swinging Strike
1-2: Strikes out looking
Top of the 5th over - 0 run(s), 0 hit(s), 0 error(s), 0 left on base; BlackIron 5 - Santa Fe 2
BOTTOM OF THE 5TH
Santa Fe Diablos batting - Pitching for BlackIron Dragons : RHP Larry Johnston
Batting: RHB Keith Jones 0-0: Ball
1-0: Ball
2-0: Called Strike
2-1: Foul Ball, location: 2F
2-2: SINGLE (Line Drive, 78S)
Batting: RHB Frank Martínez 0-0: Called Strike
0-1: Ball
1-1: Ball
2-1: Ball
3-1: Called Strike
3-2: Fly out, F8 (Flyball, 8RS)
Batting: SHB Ángel Díaz 0-0: Foul Ball, location: 2F
0-1: Swinging Strike
0-2: Ball
1-2: Strikes out swinging
Batting: RHB Tim Adkins 0-0: Foul Ball, location: 2F
0-1: Swinging Strike
0-2: Strikes out swinging
Bottom of the 5th over - 0 run(s), 1 hit(s), 0 error(s), 1 left on base; BlackIron 5 - Santa Fe 2
TOP OF THE 6TH
BlackIron Dragons batting - Pitching for Santa Fe Diablos : RHP Christian Camden
Batting: RHB Alexander Barr 0-0: Called Strike
0-1: Swinging Strike
0-2: Ball
1-2: Ball
2-2: Foul Ball, location: 2F
2-2: Foul Ball, location: 2F
2-2: Fly out, F7 (Flyball, 78S)
Batting: LHB Donnie Cunningham 0-0: Swinging Strike
0-1: Ground out 5-3 (Groundball, 56)
Batting: RHB Bernardo Corona 0-0: Called Strike
0-1: Ground out 5-3 (Groundball, 5S)
Top of the 6th over - 0 run(s), 0 hit(s), 0 error(s), 0 left on base; BlackIron 5 - Santa Fe 2
BOTTOM OF THE 6TH
Santa Fe Diablos batting - Pitching for BlackIron Dragons : RHP Larry Johnston
Pitching: RHP Julián Romero
Batting: LHB John Bond 0-0: Ball
1-0: Called Strike
1-1: Ground out 1-3 (Groundball, P)
Batting: RHB Mike Martin 0-0: Ball
1-0: Ground out 6-3 (Groundball, 6M)
Batting: LHB Arturo Rodledo 0-0: Foul Ball, location: 2F
0-1: Foul Ball, location: 2F
0-2: Foul Ball, location: 2F
0-2: Ball
1-2: Ball
2-2: Ball
3-2: DOUBLE (Flyball, 89D)
Batting: LHB Juan Torres 0-0: Ball
1-0: Ball
2-0: Foul Ball, location: 2F
2-1: Called Strike
2-2: Strikes out swinging
Bottom of the 6th over - 0 run(s), 1 hit(s), 0 error(s), 1 left on base; BlackIron 5 - Santa Fe 2
TOP OF THE 7TH
BlackIron Dragons batting - Pitching for Santa Fe Diablos : RHP Christian Camden
Batting: LHB António Romo 0-0: Called Strike
0-1: Ball
1-1: SINGLE (Line Drive, 4D)
Batting: SHB Júlio Macías 0-0: Ball
1-0: Sac Bunt - play at second, runner OUT! 5-6
Batting: LHB Miguel García 0-0: Called Strike
0-1: Ball
1-1: Ball
2-1: Ball
3-1: Grounds into double play, 4-6-3 (Groundball, 4)
Top of the 7th over - 0 run(s), 1 hit(s), 0 error(s), 0 left on base; BlackIron 5 - Santa Fe 2
BOTTOM OF THE 7TH
Santa Fe Diablos batting - Pitching for BlackIron Dragons : RHP Julián Romero
Batting: LHB Javier Martínez 0-0: Ball
1-0: Fly out, F7 (Flyball, 7)
Batting: RHB Keith Jones 0-0: Swinging Strike
0-1: Foul Ball, location: 2F
0-2: Ball
1-2: Strikes out swinging
Batting: RHB Frank Martínez 0-0: Called Strike
0-1: Swinging Strike
0-2: Ball
1-2: Ball
2-2: Ball
3-2: Strikes out swinging
Bottom of the 7th over - 0 run(s), 0 hit(s), 0 error(s), 0 left on base; BlackIron 5 - Santa Fe 2
TOP OF THE 8TH
BlackIron Dragons batting - Pitching for Santa Fe Diablos : RHP Christian Camden
Pitching: RHP Manuel Zarate
Batting: RHB Vernon Sterling 0-0: Foul Ball, location: 2F
0-1: Ball
1-1: Fly out, F4 (Popup, 4D)
Batting: LHB Milo Glenn 0-0: Swinging Strike
0-1: Swinging Strike
0-2: Foul Ball, location: 2F
0-2: Ball
1-2: Strikes out looking
Batting: LHB Manuel Cardenas 0-0: Ball
1-0: Foul Ball, location: 2F
1-1: Fly out, F9 (Line Drive, 9D)
Top of the 8th over - 0 run(s), 0 hit(s), 0 error(s), 0 left on base; BlackIron 5 - Santa Fe 2
BOTTOM OF THE 8TH
Santa Fe Diablos batting - Pitching for BlackIron Dragons : RHP Julián Romero
Batting: SHB Ángel Díaz 0-0: Ball
1-0: Called Strike
1-1: Ground out 4-3 (Groundball, 34)
Batting: RHB Tim Adkins 0-0: Called Strike
0-1: Swinging Strike
0-2: Foul Ball, location: 2F
0-2: Ball
1-2: Ball
2-2: Foul Ball, location: 2F
2-2: Ball
3-2: Strikes out looking
Batting: LHB John Bond 0-0: Ball
1-0: Ball
2-0: Ball
3-0: Called Strike
3-1: Swinging Strike
3-2: Strikes out swinging
Bottom of the 8th over - 0 run(s), 0 hit(s), 0 error(s), 0 left on base; BlackIron 5 - Santa Fe 2
TOP OF THE 9TH
BlackIron Dragons batting - Pitching for Santa Fe Diablos : RHP Manuel Zarate
Batting: RHB Alexander Barr 0-0: Ball
1-0: Ball
2-0: Ball
3-0: Base on Balls
Batting: LHB Donnie Cunningham 0-0: Bunted foul
0-1: Ball
1-1: Bunted foul
1-2: Ball
2-2: Ball
3-2: Foul Ball, location: 2F
3-2: Base on Balls
Alexander Barr to second
Batting: RHB Bernardo Corona 0-0: Ground out 5-3 (Groundball, 56S)
Alexander Barr to third
Donnie Cunningham to second
Batting: LHB António Romo 0-0: Ball
1-0: Foul Ball, location: 2F
1-1: SINGLE (Groundball, 34)
Alexander Barr scores
Donnie Cunningham to third
Runner from 3rd tries for Home, SAFE, no throw
Batting: SHB Júlio Macías 0-0: SINGLE (Line Drive, 3D)
António Romo to second
Batting: LHB Miguel García 0-0: Ball
1-0: Ground out U3 (Groundball, 34S)
António Romo to third
Júlio Macías to second
Batting: RHB Vernon Sterling 0-0: Called Strike
0-1: Foul Ball, location: 2F
0-2: Ball
1-2: Ball
2-2: Ground out 6-3 (Groundball, 6)
Top of the 9th over - 2 run(s), 2 hit(s), 0 error(s), 2 left on base; BlackIron 7 - Santa Fe 2
BOTTOM OF THE 9TH
Santa Fe Diablos batting - Pitching for BlackIron Dragons : RHP Julián Romero
Now at 1B: Roderick Silva
Batting: RHB Mike Martin 0-0: Ball
1-0: Foul Ball, location: 2F
1-1: Swinging Strike
1-2: Strikes out swinging
Pitching: RHP Tony Murillo
Batting: LHB Arturo Rodledo 0-0: Called Strike
0-1: Called Strike
0-2: Ball
1-2: Strikes out looking
Batting: LHB Juan Torres 0-0: Ground out U3 (Groundball, 3)
Bottom of the 9th over - 0 run(s), 0 hit(s), 0 error(s), 0 left on base; BlackIron 7 - Santa Fe 2
Tuesday, August 8th, 2017 - OOTP Baseball 17.12 Build 75